 Dungeon Crawl Stone Soup version 0.19.4-9-g45fd643 (webtiles) character file.

231 Rrauwl the Skirmisher (level 6, -8/38 HPs)
             Began as a Gargoyle Abyssal Knight on Feb 20, 2017.
             Was a Believer of Lugonu.
             Killed by divine providence
             ... invoked by an orc priest
              (12 damage)
             ... on level 4 of the Dungeon.
             The game lasted 00:14:24 (3545 turns).

Rrauwl the Skirmisher (Gargoyle Abyssal Knight)     Turns: 3545, Time: 00:14:25

Health: -8/38      AC:  7    Str: 17    XL:     6   Next: 3%
Magic:  8/8        EV:  7    Int: 16    God:    Lugonu [**....]
Gold:   201        SH: 12    Dex: 10    Spells: 0 memorised, 5 levels left

rFire  . . .     SeeInvis .     a - +2 mace
rCold  . . .     Gourm    .     b - +0 leather armour
rNeg   + + .     Faith    .     g - +1 large shield
rPois  ∞         Spirit   .     (no helmet)
rElec  +         Reflect  .     (no cloak)
rCorr  .         Harm     .     (no gloves)
MR     .....                    (no boots)
Stlth  ++........               (no amulet)
                                j - +4 ring of intelligence
                                l - ring of positive energy

@: no status effects
A: negative energy resistance 1, electricity resistance, unbreathing,
petrification resistance, rot immunity, AC +4
a: Depart the Abyss, Bend Space, Renounce Religion


You were on level 4 of the Dungeon.
You worshipped Lugonu.
Lugonu was pleased with you.
You were not hungry.

You visited 1 branch of the dungeon, and saw 4 of its levels.
You visited the Abyss 1 time.

You collected 201 gold pieces.

Inventory:

Hand Weapons
 a - a +2 mace (weapon)
 e - the +6 hand crossbow of Peinun {elec, rC- rN+ Stlth+}
   (You found it on level 3 of the Abyss)

   It charges the ammunition it shoots with electricity; occasionally upon a
   hit, such missiles may discharge and cause terrible harm.
   It makes you vulnerable to cold.
   It protects you from negative energy.
   It makes you more stealthy.
Armour
 b - a +0 leather armour (worn)
 g - a +1 large shield (worn)
Jewellery
 j - a +4 ring of intelligence (right hand)
 l - a ring of positive energy (left hand)
Scrolls
 d - 3 scrolls of remove curse
 i - a scroll of magic mapping
 o - a scroll of teleportation
 q - a scroll of fog
 r - 2 scrolls of identify
Potions
 n - a potion of brilliance
Books
 p - a book of Misfortune

   Spells                             Type                      Level
   a - Confusing Touch                Hexes                        1
   b - Confuse                        Hexes                        3
   c - Gell's Gravitas                Hexes/Translocation          3
   d - Petrify                        Transmutation/Earth          4
   e - Metabolic Englaciation         Hexes/Ice                    5
   f - Yara's Violent Unravelling     Hexes/Transmutation          5
Comestibles
 c - a bread ration
 h - 2 beef jerkies
 k - a meat ration


   Skills:
 + Level 3.9 Fighting
 + Level 2.8 Maces & Flails
 + Level 2.0 Crossbows
 + Level 2.9 Armour
 + Level 1.5 Dodging
 + Level 2.5 Stealth
 + Level 1.4 Shields
 + Level 2.8 Invocations


You had 5 spell levels left.
You didn't know any spells.

Dungeon Overview and Level Annotations

Branches:
Dungeon (4/15)
 Temple: D:4-7

Altars:
Fedhas


Innate Abilities, Weirdness & Mutations

You are resistant to torment.
Your stone body is resilient. (AC +4)
You are immune to poison.
You resist negative energy. (rN+)
You are resistant to electric shocks. (rElec)
You can survive without breathing.
You are immune to petrification.
You are immune to rotting.


Message History

* * * LOW HITPOINT WARNING * * *
The sky beast flickers out of sight!
Deactivating autopickup; reactivate with Ctrl-A.
You block the giant cockroach's attack.
Okay, then.
You hit the giant cockroach.
You kill the giant cockroach!
Lugonu accepts your kill.
You miss something. Something hits you.
* * * LOW HITPOINT WARNING * * *
Something shocks you. You resist.
* * * LOW HITPOINT WARNING * * *
You miss something. Something hits you but does no damage. Something hits you.
* * * LOW HITPOINT WARNING * * *
Something shocks you. You resist.
* * * LOW HITPOINT WARNING * * *
You closely miss something. Something hits you but does no damage.
The orc priest calls down the wrath of Beogh upon you.
Beogh smites you!
You die...

.. #.##.#.....
##.####.##.#....
o..........#...
...........#..
..s........#.#
...........#.#####.#
.......o............
#.#.##{##..........
#....#@##.....Y....
#....#.##..........
#....#.##..........
#....#.............
#....#.#...........
#......#....#######
. ####...##.### .
#..>...# #
#...####### #


You could see an orc priest.

Vanquished Creatures
  A scorpion (D:4)
  An iguana (D:4)
  A worker ant (D:2)
  4 adders
  2 oozes (D:2)
  3 worms
  A dart slug (D:1)
  A leopard gecko (D:2)
  4 orcs (D:2)
  8 bats
  3 giant cockroaches
  5 goblins
  9 hobgoblins
  4 jackals
  2 quokkas (D:3)
  2 ball pythons
  5 frilled lizards
  8 kobolds
  A quokka skeleton (D:4)
  9 rats
74 creatures vanquished.

Notes
Turn   | Place    | Note
-------+----------+-------------------------------------------
     0 | Abyss:1  | Rrauwl the Gargoyle Abyssal Knight began the quest for the Orb.
     0 | Abyss:1  | Reached XP level 1. HP: 14/14 MP: 2/2
    56 | Abyss:2  | Noticed a neqoxec
    82 | Abyss:3  | Got an ancient hand crossbow
    84 | Abyss:3  | Noticed a small abomination
    85 | D:1      | Escaped the Abyss
    86 | D:1      | Identified the +6 hand crossbow of Peinun {elec, rC- rN+ Stlth+} (You found it on level 3 of the Abyss)
   388 | D:1      | Reached XP level 2. HP: 19/19 MP: 3/3
   410 | D:1      | Reached * piety under Lugonu
   676 | D:1      | Reached skill level 1 in Crossbows
   676 | D:1      | Reached skill level 1 in Stealth
   905 | D:2      | Reached skill level 1 in Dodging
   905 | D:2      | Reached XP level 3. HP: 19/23 MP: 4/4
  1505 | D:2      | Reached XP level 4. HP: 28/28 MP: 5/5
  1981 | D:2      | Reached skill level 1 in Shields
  2126 | D:3      | Found a faded altar of an unknown god.
  2148 | D:2      | Reached XP level 5. HP: 7/33 MP: 6/6
  2555 | D:3      | Reached ** piety under Lugonu
  2605 | D:3      | Found a blossoming altar of Fedhas.
  3236 | D:4      | HP: 1/33 [iguana (6)]
  3526 | D:4      | Noticed a sky beast
  3539 | D:4      | Reached XP level 6. HP: 25/38 MP: 8/8
  3545 | D:4      | Killed from afar by an orc priest

Skill      XL: |  1  2  3  4  5 |
---------------+----------------+-----
Crossbows      | 1 2 |  2.0
Stealth        | 1 2 |  2.5
Dodging        | 1 |  1.5
Shields        | 1 |  1.4
Fighting       | |  3.9
Maces & Flails | |  2.8
Armour         | |  2.9
Invocations    | |  2.8

Action                   |  1- 3 |  4- 6 || total
-------------------------+-------+-------++-------
Melee: Mace              |   140 |   180 ||   320
Invok: Depart the Abyss  |     1 |       ||     1
  Use: Scroll            |     6 |     5 ||    11
       Potion            |     3 |     4 ||     7
 Stab: Sleeping          |       |     4 ||     4
       Invisible         |       |     1 ||     1
  Eat: Chunk             |     1 |     4 ||     5
       Bread ration      |     1 |       ||     1
Armor: Leather armour    |    67 |    62 ||   129
Dodge: Dodged            |    26 |    51 ||    77
Block: Large shield      |    97 |   149 ||   246
